| TOP OF THE 1ST |
|
Las Vegas 51s batting - Pitching for Indianapolis Indians : RHP George Sechler
|
|
Pitching: RHP George Sechler
|
|
|
Batting: SHB Jason Larson
|
0-0: Ball 1-0: Ball 2-0: Fly out, F5 (Popup, 25F, EV 80.0 MPH)
|
|
Batting: LHB Adam Hairston
|
0-0: Ball 1-0: Foul Ball, location: 2F 1-1: Foul Ball, location: 2F 1-2: Strikes out looking
|
|
Batting: RHB Josh Jones
|
0-0: Swinging Strike 0-1: Ball 1-1: Called Strike 1-2: Ball 2-2: DOUBLE (Flyball, 89XD, EV 103.1 MPH)
|
|
Batting: LHB Bill Armijo
|
0-0: Ball 1-0: Called Strike 1-1: Ball 2-1: Swinging Strike 2-2: Foul Ball, location: 2F 2-2: Foul Ball, location: 2F 2-2: DOUBLE (Line Drive, 78D, EV 105.6 MPH) Josh Jones scores
|
|
Batting: SHB Nelson Powell
|
0-0: Called Strike 0-1: Ball 1-1: Called Strike 1-2: Strikes out looking
|
| Top of the 1st over - 1 run, 2 hits, 0 errors, 1 left on base; Las Vegas 1 - Indianapolis 0 |
| BOTTOM OF THE 1ST |
|
Indianapolis Indians batting - Pitching for Las Vegas 51s : RHP Zhao-ying Joe
|
|
Pitching: RHP Zhao-ying Joe
|
|
|
Batting: RHB Jerry Escamilla
|
0-0: Ball 1-0: Foul Ball, location: 2F 1-1: Called Strike 1-2: Foul Ball, location: 2F 1-2: DOUBLE (Groundball, 3L, EV 110.0 MPH)
|
|
Batting: RHB Bubba Tierney
|
0-0: DOUBLE (Groundball, 3L, EV 101.9 MPH) Jerry Escamilla scores
|
|
Batting: LHB Nick Rooney
|
0-0: Ball 1-0: Ball 2-0: Called Strike 2-1: Ball 3-1: SINGLE (Groundball, 56D, EV 97.5 MPH) Bubba Tierney to third Runner from 3rd tries for Home, SAFE, throw by LF to home
|
|
Batting: LHB Alberto Figueroa
|
0-0: Called Strike 0-1: Swinging Strike 0-2: Strikes out swinging
|
|
Batting: RHB Chris Pozzi
|
0-0: Foul Ball, location: 2F 0-1: Grounds into double play, 4-6-3 (Groundball, 4M, EV 80.6 MPH)
|
| Bottom of the 1st over - 2 runs, 3 hits, 0 errors, 0 left on base; Las Vegas 1 - Indianapolis 2 |
| TOP OF THE 2ND |
|
Las Vegas 51s batting - Pitching for Indianapolis Indians : RHP George Sechler
|
|
Batting: LHB Jose Chavez
|
0-0: Swinging Strike 0-1: Ball 1-1: Ball 2-1: Ball 3-1: Foul Ball, location: 2F 3-2: Foul Ball, location: 2F 3-2: Strikes out swinging, 2-3 out at first.
|
|
Batting: RHB Devine Adams
|
0-0: Ball 1-0: Ball 2-0: Called Strike 2-1: Ground out 4-3 (Groundball, 4, EV 109.4 MPH)
|
|
Batting: RHB Zhao-ying Joe
|
0-0: Bunt missed! 0-1: Foul Ball, location: 2F 0-2: Ground out 4-3 (Groundball, 4, EV 83.8 MPH)
|
| Top of the 2nd over - 0 runs, 0 hits, 0 errors, 0 left on base; Las Vegas 1 - Indianapolis 2 |
| BOTTOM OF THE 2ND |
|
Indianapolis Indians batting - Pitching for Las Vegas 51s : RHP Zhao-ying Joe
|
|
Batting: LHB Edwin Aguilar
|
0-0: Foul Ball, location: 2F 0-1: SINGLE (Line Drive, 6M, EV 95.6 MPH)
|
|
Batting: RHB Isaiah Yarbrough
|
0-0: Ball Edwin Aguilar steals 2nd base 1-0: Ground out 6-3 (Groundball, 6M, EV 91.2 MPH) Edwin Aguilar to third
|
|
Batting: RHB Richard Barrios
|
0-0: Ball Wild Pitch! Edwin Aguilar scores 1-0: Called Strike 1-1: SINGLE (Line Drive, 4MD, EV 105.0 MPH)
|
|
Batting: LHB Jorge Quintana
|
0-0: Foul Ball, location: 2F 0-1: Ball 1-1: Ball 2-1: Swinging Strike 2-2: Foul Ball, location: 2F 2-2: SINGLE (Line Drive, 78M, EV 103.1 MPH) Richard Barrios to second
|
|
Batting: RHB Jerry Escamilla
|
0-0: Ball 1-0: Ball 2-0: SINGLE (Groundball, 56S, EV 76.2 MPH) (infield hit) Richard Barrios to third Jorge Quintana to second
|
|
Batting: RHB Bubba Tierney
|
0-0: Foul Ball, location: 2F 0-1: Ball 1-1: Ball 2-1: Foul Ball, location: 2F 2-2: Strikes out swinging
|
|
Batting: LHB Nick Rooney
|
0-0: Ball 1-0: Foul Ball, location: 2F 1-1: Called Strike 1-2: Foul Ball, location: 2F 1-2: Foul Ball, location: 2F 1-2: Fly out, F7 (Flyball, 7, EV 90.0 MPH)
|
| Bottom of the 2nd over - 1 run, 4 hits, 0 errors, 3 left on base; Las Vegas 1 - Indianapolis 3 |
| TOP OF THE 3RD |
|
Las Vegas 51s batting - Pitching for Indianapolis Indians : RHP George Sechler
|
|
Batting: RHB Alex Vasquez
|
0-0: Called Strike 0-1: Ball 1-1: Called Strike 1-2: Strikes out swinging
|
|
Batting: SHB Jason Larson
|
0-0: Ball 1-0: DOUBLE (Line Drive, 89D, EV 101.2 MPH)
|
|
Batting: LHB Adam Hairston
|
0-0: Ball 1-0: Ball 2-0: Ball 3-0: Base on Balls
|
|
Batting: RHB Josh Jones
|
0-0: Fly out, F9 (Flyball, 89M, EV 83.1 MPH)
|
|
Batting: LHB Bill Armijo
|
0-0: Ball 1-0: Ball 2-0: Called Strike 2-1: DOUBLE (Line Drive, 3D, EV 97.5 MPH) Jason Larson scores Adam Hairston to third Runner from 3rd tries for Home, SAFE, throw by RF to home
|
|
Batting: SHB Nelson Powell
|
0-0: Swinging Strike 0-1: Swinging Strike 0-2: Ball 1-2: Ball 2-2: Strikes out looking
|
| Top of the 3rd over - 2 runs, 2 hits, 0 errors, 1 left on base; Las Vegas 3 - Indianapolis 3 |
| BOTTOM OF THE 3RD |
|
Indianapolis Indians batting - Pitching for Las Vegas 51s : RHP Zhao-ying Joe
|
|
Batting: LHB Alberto Figueroa
|
0-0: Foul Ball, location: 2F 0-1: Foul Ball, location: 2F 0-2: Foul Ball, location: 2F 0-2: Ball 1-2: Ball 2-2: Strikes out swinging
|
|
Batting: RHB Chris Pozzi
|
0-0: Ball 1-0: Ball 2-0: Called Strike 2-1: Ball 3-1: Base on Balls
|
|
Batting: LHB Edwin Aguilar
|
0-0: Ball 1-0: Ball 2-0: Foul Ball, location: 2F 2-1: Grounds into double play, 4-6-3 (Groundball, 34, EV 103.8 MPH)
|
| Bottom of the 3rd over - 0 runs, 0 hits, 0 errors, 0 left on base; Las Vegas 3 - Indianapolis 3 |
| TOP OF THE 4TH |
|
Las Vegas 51s batting - Pitching for Indianapolis Indians : RHP George Sechler
|
|
Batting: LHB Jose Chavez
|
0-0: Ball 1-0: Ground out 5-3 (Groundball, 56, EV 104.4 MPH)
|
|
Batting: RHB Devine Adams
|
0-0: Called Strike 0-1: Ball 1-1: DOUBLE (Line Drive, 7LM, EV 112.5 MPH)
|
|
Batting: RHB Zhao-ying Joe
|
0-0: Ball 1-0: Ground out 1-3 (Groundball, 15S, EV 68.1 MPH)
|
|
Batting: RHB Alex Vasquez
|
0-0: Ball Wild Pitch! Devine Adams to third 1-0: Ball 2-0: Foul Ball, location: 2F 2-1: Called Strike 2-2: Ball 3-2: Strikes out swinging
|
| Top of the 4th over - 0 runs, 1 hit, 0 errors, 1 left on base; Las Vegas 3 - Indianapolis 3 |
| BOTTOM OF THE 4TH |
|
Indianapolis Indians batting - Pitching for Las Vegas 51s : RHP Zhao-ying Joe
|
|
Batting: RHB Isaiah Yarbrough
|
0-0: Called Strike 0-1: Ball 1-1: Swinging Strike 1-2: Ball 2-2: Foul Ball, location: 2F 2-2: Ground out 4-3 (Groundball, 13, EV 86.2 MPH)
|
|
Batting: RHB Richard Barrios
|
0-0: Called Strike 0-1: Foul Ball, location: 2F 0-2: Ball 1-2: Hit by Pitch
|
|
Batting: LHB Jorge Quintana
|
0-0: Foul Ball, location: 2F 0-1: Called Strike 0-2: Foul Ball, location: 2F 0-2: Ball 1-2: Fly out, F7 (Flyball, 7, EV 85.0 MPH)
|
|
Batting: RHB Jerry Escamilla
|
0-0: Called Strike 0-1: Fielders Choice at 2nd, 6-4 (Groundball, 6, EV 103.8 MPH)
|
| Bottom of the 4th over - 0 runs, 0 hits, 0 errors, 1 left on base; Las Vegas 3 - Indianapolis 3 |
| TOP OF THE 5TH |
|
Las Vegas 51s batting - Pitching for Indianapolis Indians : RHP George Sechler
|
|
Batting: SHB Jason Larson
|
0-0: Foul Ball, location: 2F 0-1: Fly out, F4 (Popup, 4D, EV 66.2 MPH)
|
|
Batting: LHB Adam Hairston
|
0-0: Ball 1-0: Ball 2-0: Called Strike 2-1: Swinging Strike 2-2: DOUBLE (Flyball, 78D, EV 90.0 MPH)
|
|
Batting: RHB Josh Jones
|
0-0: Ball 1-0: Foul Ball, location: 2F 1-1: Ball 2-1: Swinging Strike 2-2: Ball 3-2: Base on Balls
|
|
Batting: LHB Bill Armijo
|
0-0: Ball 1-0: Fly out, F7 (Flyball, 7D, EV 97.5 MPH) Runner from 2nd tags up, SAFE at 3rd, no throw by LF
|
|
Batting: SHB Nelson Powell
|
0-0: Swinging Strike 0-1: Foul Ball, location: 2F 0-2: Strikes out swinging
|
| Top of the 5th over - 0 runs, 1 hit, 0 errors, 2 left on base; Las Vegas 3 - Indianapolis 3 |
| BOTTOM OF THE 5TH |
|
Indianapolis Indians batting - Pitching for Las Vegas 51s : RHP Zhao-ying Joe
|
|
Batting: RHB Bubba Tierney
|
0-0: Called Strike 0-1: Called Strike 0-2: Ground out 4-3 (Groundball, 4S, EV 85.6 MPH)
|
|
Batting: LHB Nick Rooney
|
0-0: Ball 1-0: Ball 2-0: Ground out 5-3 (Groundball, 56, EV 79.4 MPH)
|
|
Batting: LHB Alberto Figueroa
|
0-0: Called Strike 0-1: Foul Ball, location: 2F 0-2: Foul Ball, location: 2F 0-2: Foul Ball, location: 2F 0-2: Foul Ball, location: 2F 0-2: Foul Ball, location: 2F 0-2: SINGLE (Groundball, 4M, EV 103.1 MPH) (infield hit)
|
|
Batting: RHB Chris Pozzi
|
0-0: Ball 1-0: Called Strike 1-1: Foul Ball, location: 2F 1-2: Foul Ball, location: 2F 1-2: Hit by Pitch Alberto Figueroa to second
|
|
Batting: LHB Edwin Aguilar
|
0-0: Foul Ball, location: 2F 0-1: Fly out, F9 (Flyball, 9, EV 94.4 MPH)
|
| Bottom of the 5th over - 0 runs, 1 hit, 0 errors, 2 left on base; Las Vegas 3 - Indianapolis 3 |
| TOP OF THE 6TH |
|
Las Vegas 51s batting - Pitching for Indianapolis Indians : RHP George Sechler
|
|
Batting: LHB Jose Chavez
|
0-0: Called Strike 0-1: Ball 1-1: Ground out 6-3 (Groundball, 6M, EV 88.1 MPH)
|
|
Batting: RHB Devine Adams
|
0-0: Ball 1-0: Foul Ball, location: 2F 1-1: Ground out 6-3 (Groundball, 6M, EV 86.9 MPH)
|
|
Batting: RHB Zhao-ying Joe
|
0-0: Ball 1-0: Foul Ball, location: 2F 1-1: Ball 2-1: Swinging Strike 2-2: Ball 3-2: Base on Balls
|
|
Pitching: RHP Doug Rawson
|
|
|
Batting: RHB Alex Vasquez
|
0-0: Called Strike Pickoff Throw to First - Error! E1 Zhao-ying Joe to second 0-1: Called Strike 0-2: Ball 1-2: Fly out, F2 (Popup, 2LF, EV 91.2 MPH)
|
| Top of the 6th over - 0 runs, 0 hits, 1 error, 1 left on base; Las Vegas 3 - Indianapolis 3 |
| BOTTOM OF THE 6TH |
|
Indianapolis Indians batting - Pitching for Las Vegas 51s : RHP Zhao-ying Joe
|
|
Pitching: RHP Jason Vulich
|
|
|
Batting: RHB Isaiah Yarbrough
|
0-0: Called Strike 0-1: Ground out 6-3 (Groundball, 6, EV 91.2 MPH)
|
|
Batting: RHB Richard Barrios
|
0-0: Called Strike 0-1: Ball 1-1: Ball 2-1: Called Strike 2-2: Ball 3-2: Strikes out looking
|
|
Batting: LHB Jorge Quintana
|
0-0: Called Strike 0-1: Ball 1-1: Ball 2-1: Foul Ball, location: 2F 2-2: Foul Ball, location: 2F 2-2: Foul Ball, location: 2F 2-2: Foul Ball, location: 2F 2-2: Ball 3-2: Strikes out swinging
|
| Bottom of the 6th over - 0 runs, 0 hits, 0 errors, 0 left on base; Las Vegas 3 - Indianapolis 3 |
| TOP OF THE 7TH |
|
Las Vegas 51s batting - Pitching for Indianapolis Indians : RHP Doug Rawson
|
|
Batting: SHB Jason Larson
|
0-0: Ball 1-0: Ball 2-0: Ball 3-0: Called Strike 3-1: Base on Balls
|
|
Batting: LHB Adam Hairston
|
0-0: Reached on error, E2 (Groundball, 2R, EV 43.8 MPH) Jason Larson to third
|
|
Batting: RHB Josh Jones
|
0-0: Ball 1-0: Called Strike 1-1: Ball 2-1: Swinging Strike 2-2: Ground out 6-3 (Groundball, 6, EV 80.6 MPH)
|
|
Batting: LHB Bill Armijo
|
0-0: Intentional Walk
|
|
Batting: SHB Nelson Powell
|
0-0: Ball 1-0: Grounds into fielders choice 5-2 (Groundball, 5, EV 85.6 MPH) Adam Hairston to third Bill Armijo to second
|
|
Batting: LHB Jose Chavez
|
0-0: Called Strike 0-1: Foul Ball, location: 2F 0-2: Ball 1-2: Ball 2-2: Foul Ball, location: 2F 2-2: Foul Ball, location: 2F 2-2: Ground out 4-3 (Groundball, 34D, EV 101.2 MPH)
|
| Top of the 7th over - 0 runs, 0 hits, 1 error, 3 left on base; Las Vegas 3 - Indianapolis 3 |
| BOTTOM OF THE 7TH |
|
Indianapolis Indians batting - Pitching for Las Vegas 51s : RHP Jason Vulich
|
|
Batting: RHB Jerry Escamilla
|
0-0: SINGLE (Flyball, 5D, EV 95.6 MPH)
|
|
Batting: RHB Bubba Tierney
|
0-0: Bunted foul 0-1: Bunt missed! 0-2: SINGLE (Flyball, 78S, EV 95.6 MPH) Jerry Escamilla to second
|
|
Batting: LHB Nick Rooney
|
0-0: Ball 1-0: Fly out, F7 (Flyball, 78S, EV 95.6 MPH)
|
|
Batting: LHB Alberto Figueroa
|
0-0: Ball 1-0: Ball 2-0: Ball 3-0: Called Strike 3-1: Base on Balls Jerry Escamilla to third Bubba Tierney to second
|
|
Batting: RHB Chris Pozzi
|
0-0: Called Strike 0-1: Foul Ball, location: 2F 0-2: Ball 1-2: Ball 2-2: Fly out, F9 (Flyball, 9S, EV 90.6 MPH)
|
|
Batting: LHB Edwin Aguilar
|
0-0: Ball 1-0: Ball 2-0: Fly out, F8 (Flyball, 8RD, EV 78.1 MPH)
|
| Bottom of the 7th over - 0 runs, 2 hits, 0 errors, 3 left on base; Las Vegas 3 - Indianapolis 3 |
| TOP OF THE 8TH |
|
Las Vegas 51s batting - Pitching for Indianapolis Indians : RHP Doug Rawson
|
|
Pitching: RHP Hugo Rodriguez
|
|
|
Batting: RHB Devine Adams
|
0-0: Called Strike 0-1: Foul Ball, location: 2F 0-2: Ball 1-2: Strikes out swinging
|
|
Batting: SHB Harrison Feist
|
0-0: Ball 1-0: Ball 2-0: Foul Ball, location: 2F 2-1: Ball 3-1: Base on Balls
|
|
Batting: RHB Alex Vasquez
|
0-0: Foul Ball, location: 2F 0-1: Ball 1-1: Swinging Strike 1-2: Foul Ball, location: 2F 1-2: Ball 2-2: Strikes out swinging
|
|
Batting: SHB Jason Larson
|
0-0: Ball 1-0: Swinging Strike 1-1: Foul Ball, location: 2F 1-2: Foul Ball, location: 2F 1-2: Ball 2-2: SINGLE (Flyball, 8LS, EV 90.0 MPH) Harrison Feist to second
|
|
Batting: LHB Adam Hairston
|
0-0: Ball 1-0: Foul Ball, location: 2F 1-1: Fly out, F7 (Flyball, 7D, EV 95.6 MPH)
|
| Top of the 8th over - 0 runs, 1 hit, 0 errors, 2 left on base; Las Vegas 3 - Indianapolis 3 |
| BOTTOM OF THE 8TH |
|
Indianapolis Indians batting - Pitching for Las Vegas 51s : RHP Jason Vulich
|
|
Pitching: RHP Alastair Henry
|
|
|
Batting: RHB Isaiah Yarbrough
|
0-0: Ball 1-0: Foul Ball, location: 2F 1-1: Ball 2-1: Ball 3-1: Base on Balls
|
|
Batting: RHB Richard Barrios
|
0-0: Fly out, F8 (Flyball, 8RXD, EV 101.2 MPH)
|
|
Batting: LHB Jorge Quintana
|
0-0: Bunt missed! 0-1: Sac Bunt to 5S - play at first, batter OUT! 5-3 Isaiah Yarbrough to second
|
|
Batting: RHB Jerry Escamilla
|
0-0: Ball 1-0: Ball 2-0: Ball 3-0: Called Strike 3-1: Base on Balls
|
|
Batting: RHB Bubba Tierney
|
0-0: Ball 1-0: Foul Ball, location: 2F 1-1: Fly out, F9 (Flyball, 89M, EV 88.8 MPH)
|
| Bottom of the 8th over - 0 runs, 0 hits, 0 errors, 2 left on base; Las Vegas 3 - Indianapolis 3 |
| TOP OF THE 9TH |
|
Las Vegas 51s batting - Pitching for Indianapolis Indians : RHP Hugo Rodriguez
|
|
Pitching: RHP Robby Poyfair
|
|
|
Batting: RHB Josh Jones
|
0-0: Ball 1-0: Foul Ball, location: 2F 1-1: Swinging Strike 1-2: Ball 2-2: Ball 3-2: Foul Ball, location: 2F 3-2: Ground out 1-3 (Groundball, 34S, EV 75.0 MPH)
|
|
Batting: LHB Bill Armijo
|
0-0: Foul Ball, location: 2F 0-1: Called Strike 0-2: Strikes out swinging
|
|
Batting: SHB Nelson Powell
|
0-0: SINGLE (Groundball, 6M, EV 103.8 MPH)
|
|
Batting: LHB Jose Chavez
|
0-0: Called Strike 0-1: Ball Nelson Powell steals 2nd base 1-1: Ground out 5-3 (Groundball, 56, EV 102.5 MPH)
|
| Top of the 9th over - 0 runs, 1 hit, 0 errors, 1 left on base; Las Vegas 3 - Indianapolis 3 |
| BOTTOM OF THE 9TH |
|
Indianapolis Indians batting - Pitching for Las Vegas 51s : RHP Alastair Henry
|
|
Batting: LHB Nick Rooney
|
0-0: Fly out, F9 (Flyball, 9D, EV 90.6 MPH)
|
|
Batting: LHB Alberto Figueroa
|
0-0: Foul Ball, location: 2F 0-1: Foul Ball, location: 2F 0-2: SINGLE (Line Drive, 8RS, EV 91.2 MPH)
|
|
Batting: RHB Chris Pozzi
|
0-0: Ball Alberto Figueroa steals 2nd base (no throw) 1-0: Called Strike 1-1: Ball 2-1: Ball 3-1: Called Strike 3-2: Foul Ball, location: 2F 3-2: SINGLE (Groundball, 34D, EV 106.9 MPH) Alberto Figueroa to third Runner from 3rd tries for Home, SAFE, throw by RF to home
|
| Bottom of the 9th over - 1 run, 2 hits, 0 errors, 1 left on base; Las Vegas 3 - Indianapolis 4 |
|